 Dungeon Crawl Stone Soup version 0.31-a0-1118-gbca3d03946 (webtiles) character file.

Game seed: 6798749858554976776

1085 inmateoo the Ruffian (level 8, -3/60 HPs)
             Began as a Gnoll Shapeshifter on Dec 4, 2023.
             Was an Initiate of Gozag.
             Slain by a hornet (8 damage)
             ... on level 6 of the Dungeon.
             The game lasted 00:04:13 (4222 turns).

inmateoo the Ruffian (Gnoll Shapeshifter)           Turns: 4222, Time: 00:04:14

Health: -3/60      AC: 10    Str: 14    XL:     8   Next: 30%
Magic:  12/12      EV: 10    Int: 12    God:    Gozag
Gold:   347        SH:  0    Dex: 23    Spells: 13/13 levels left

rFire   . .          .
                       - Unarmed
rCold   + + +        (shield currently unavailable)
rNeg    + . .        f - +0 chain mail
rPois   .            n - -1 helmet of Honesty {*Corrode Fly rElec rC+++}
rElec   +            (no cloak)
rCorr   .            h - +0 pair of fencer's gloves {Riposte Dex+3}
SInv    .            (no boots)
Will    +....        (no amulet) Stlth
                     a - +6 ring of dexterity
HPRegen 0.30/turn    p - ring "Codiag" {rN+ Will+ Dex+3}
MPRegen 0.13/turn

%: corrode self (3%)
@: lethally poisoned (-3 -> -10), flux-form, gold aura, flying, slowed, glowing,
very slow
A: glow, contaminating, fangs 1, strong nose, distributed training
a: Begin Untransformation, Renounce Religion, Potion Petition, Call Merchant,
Bribe Branch


You were on level 6 of the Dungeon.
You worshipped Gozag.
Gozag was aware of your devotion.
You were something dangerously unstable.
You visited 1 branch of the dungeon, and saw 6 of its levels.

You collected 462 gold pieces.
You paid 115 gold pieces to Gozag.

Inventory:

Missiles
 g - 8 poisoned darts (quivered)
Armour
 f - a +0 chain mail (worn)
 h - the +0 pair of fencer's gloves (worn) {Riposte Dex+3}
   (You acquired it on level 2 of the Dungeon)

   Riposte:   It allows the wearer to riposte with melee weapons, swiftly
   retaliating against missed or blocked melee attacks.
   Dex+3:     It affects your dexterity (+3).
 n - the -1 helmet of Honesty (worn) {*Corrode Fly rElec rC+++}
   (You acquired it on level 4 of the Dungeon)

   rC+++:     It renders you almost immune to cold.
   rElec:     It insulates you from electricity.
   Fly:       It grants you flight.
   *Corrode:  It may corrode you when you take damage.
Jewellery
 a - a +6 ring of dexterity (left hand)
 p - the ring "Codiag" (right hand) {rN+ Will+ Dex+3}
   (You acquired it on level 3 of the Dungeon)

   [ring of positive energy]

   Dex+3:     It affects your dexterity (+3).
   rN+:       It protects you from negative energy.
   Will+:     It increases your willpower.
Talismans
 c - a beast talisman
 d - a flux talisman (active)
 t - a maw talisman
Wands
 m - a wand of roots (7)
 u - a wand of polymorph (3)
Scrolls
 i - a scroll of enchant weapon
 o - a scroll of butterflies {unknown}
 x - a scroll of revelation
Potions
 b - 2 potions of lignification
 e - 3 potions of curing
 j - a potion of attraction
 k - a potion of resistance
 l - 2 potions of might
 q - 2 potions of enlightenment
 r - a potion of mutation
 s - a potion of invisibility
 v - a potion of brilliance {unknown}


   Skills:
 + Level 4.1 Fighting
 + Level 3.2 Short Blades
 + Level 3.2 Long Blades
 + Level 3.2 Axes
 + Level 3.2 Maces & Flails
 + Level 3.2 Polearms
 + Level 3.2 Staves
 + Level 3.2 Ranged Weapons
 + Level 3.2 Throwing
 + Level 3.2 Armour
 + Level 5.6 Dodging
 + Level 3.2 Stealth
 + Level 3.2 Shields
 + Level 7.3 Unarmed Combat
 + Level 3.2 Spellcasting
 + Level 2.6 Conjurations
 + Level 2.6 Hexes
 + Level 2.6 Summonings
 + Level 2.6 Necromancy
 + Level 2.6 Translocations
 + Level 2.6 Transmutations
 + Level 2.6 Fire Magic
 + Level 2.6 Ice Magic
 + Level 2.6 Air Magic
 + Level 2.6 Earth Magic
 + Level 2.6 Poison Magic
 + Level 3.5 Invocations
 + Level 3.2 Evocations
 + Level 7.2 Shapeshifting


You had 13 spell levels left.
You didn't know any spells.
Your spell library contained the following spells:

 Spells                   Type           Power      Damage    Failure   Level
 Apportation              Tloc           16%        N/A       78%         1
 Kiss of Death            Conj/Necr      32%        2d7       78%         1
 Necrotise                Necr           32%        1d5       78%         1
 Summon Small Mammal      Summ           32%        N/A       78%         1
 Confusing Touch          Hex            8%         N/A       98%         3
 Dispel Undead            Necr           8%         3d8       100%        4


Dungeon Overview and Level Annotations

Branches:
Dungeon (6/15)
 Temple: D:4-7

Altars:
Cheibriados
Gozag
Makhleb
Sif Muna
Trog

Shops:
D:4 (


Innate Abilities, Weirdness & Mutations

You are something dangerously unstable.
You glow with magical radiation, making you easy to see and hit.
Foes you strike become dangerously contaminated with magical radiation.
You are incapable of wielding weapons or throwing items.
You have very sharp teeth.
Your uncanny sense of smell can sniff out nearby items.
Your experience applies equally to all skills.


Message History

You are poisoned.
You feel yourself slow down.
You hit the hornet but do no damage.
The hornet begins to glow.
The hornet is moderately wounded.
The grasping roots constrict the hornet!
You feel very sick.
The roots release their grip on the hornet.
The hornet stings you.
You are more poisoned.
You feel as though you will be slow longer.
The hornet stings you.
You suddenly lose the ability to move!
The scorpion stings you.
You are more poisoned.
The scorpion poisons you!
You feel extremely sick. The hornet stings you!
* * * LOW HITPOINT WARNING * * *
You feel as though you will be slow longer.
The scorpion stings you but does no damage.
The hornet stings you.
* * * LOW HITPOINT WARNING * * *
You feel as though you will be slow longer.
* * * LOW HITPOINT WARNING * * *
You feel very sick.
The hornet is distracted by your dazzling golden aura.
The scorpion stings you.
* * * LOW HITPOINT WARNING * * *
You can move again.
Unknown command.
You feel better.
The hornet is no longer distracted by gold.
The hornet stings you.
* * * LOW HITPOINT WARNING * * *
You feel as though you will be slow longer.
The scorpion stings you.
* * * LOW HITPOINT WARNING * * *
You are lethally poisoned!
The scorpion poisons you! The hornet stings you!
You die...
Your body crumbles into a pile of gold.

..# .### # #.# ... .#
#.# ##..##.## ..#
)........ #.# #....>.#
#.# ###.)....## ..##
#..$....... ...#
#.#y..[.#
.#.###########.#ps...###
........................
.#############....######
.# #######..### .#
#........#
########.######.#
#...##.# #.# #......#
#.# ###...#### #.#


You could see a hornet (contam) and a scorpion.

Vanquished Creatures
  An orc warrior (D:5)
  A centaur (D:6)
  An ogre (D:5)
  A bullfrog (D:6)
  6 scorpions
  A hound (D:5)
  An orc priest (D:5)
  A jelly (D:5)
  A gnoll bouda (D:3)
  A sleepcap (D:5)
  6 gnolls
  11 adders
  A white imp (D:5)
  3 worms
  2 dart slugs
  13 orcs
  7 bats
  4 endoplasms
  5 giant cockroaches
  6 goblins
  6 hobgoblins
  4 jackals
  2 kobolds
  8 quokkas
  6 ball pythons
  A frilled lizard (D:3)
  5 rats
105 creatures vanquished.

Notes
Turn   | Place    | Note
-------+----------+-------------------------------------------
     0 | D:1      | inmateoo the Gnoll Shapeshifter began the quest for the
                  | Orb.
     0 | D:1      | Reached XP level 1. HP: 17/17 MP: 1/1
   139 | D:1      | Reached XP level 2. HP: 17/23 MP: 2/2
   457 | D:1      | Reached XP level 3. HP: 28/28 MP: 3/3
   951 | D:2      | Reached skill level 1 in Invocations
  1052 | D:2      | Reached skill level 1 in Short Blades
  1052 | D:2      | Reached skill level 1 in Long Blades
  1052 | D:2      | Reached skill level 1 in Axes
  1052 | D:2      | Reached skill level 1 in Maces & Flails
  1052 | D:2      | Reached skill level 1 in Polearms
  1052 | D:2      | Reached skill level 1 in Staves
  1052 | D:2      | Reached skill level 1 in Ranged Weapons
  1052 | D:2      | Reached skill level 1 in Throwing
  1052 | D:2      | Reached skill level 1 in Armour
  1052 | D:2      | Reached skill level 1 in Stealth
  1052 | D:2      | Reached skill level 1 in Shields
  1052 | D:2      | Reached skill level 1 in Spellcasting
  1052 | D:2      | Reached skill level 1 in Evocations
  1152 | D:2      | Reached XP level 4. HP: 30/34 MP: 5/5
  1260 | D:2      | Reached skill level 1 in Conjurations
  1260 | D:2      | Reached skill level 1 in Hexes
  1260 | D:2      | Reached skill level 1 in Summonings
  1260 | D:2      | Reached skill level 1 in Necromancy
  1260 | D:2      | Reached skill level 1 in Translocations
  1260 | D:2      | Reached skill level 1 in Transmutations
  1260 | D:2      | Reached skill level 1 in Fire Magic
  1260 | D:2      | Reached skill level 1 in Ice Magic
  1260 | D:2      | Reached skill level 1 in Air Magic
  1260 | D:2      | Reached skill level 1 in Earth Magic
  1260 | D:2      | Reached skill level 1 in Poison Magic
  1292 | D:2      | Reached XP level 5. HP: 17/40 MP: 5/7
  1415 | D:2      | Found a bloodstained altar of Trog.
  1852 | D:2      | Identified 2 scrolls of acquirement
  1852 | D:2      | Acquired the +0 pair of fencer's gloves {Riposte Dex+3}
  1852 | D:2      | Found the +0 pair of fencer's gloves {Riposte Dex+3}
  2386 | D:3      | Reached XP level 6. HP: 37/47 MP: 8/8
  2577 | D:3      | Acquired the ring "Codiag" {rN+ Will+ Dex+3}
  2776 | D:4      | Found Poam's Antique Weapon Emporium.
  2898 | D:4      | Found a snail-covered altar of Cheibriados.
  2931 | D:4      | Acquired the -1 helmet of Honesty {*Corrode Fly rElec
                  | rC+++}
  3223 | D:5      | Entered Level 5 of the Dungeon
  3231 | D:5      | Reached skill level 5 in Dodging
  3403 | D:5      | Found a burning altar of Makhleb.
  3420 | D:5      | Reached XP level 7. HP: 51/52 MP: 10/10
  3544 | D:5      | Found a shimmering blue altar of Sif Muna.
  3544 | D:5      | Found an opulent altar of Gozag.
  3596 | D:5      | Identified the +0 rapier "Xuros" {drain, Int+3}
  3672 | D:5      | Became a worshipper of Gozag Ym Sagoz the Greedy
  3961 | D:5      | Reached XP level 8. HP: 52/60 MP: 12/12
  4209 | D:6      | Noticed Blork the orc
  4211 | D:6      | Blork the orc changed into Blork the scorpion
  4211 | D:6      | Noticed Blork
  4212 | D:6      | Noticed a hornet
  4215 | D:6      | Killed Blork the scorpion
  4219 | D:6      | Paralysed by a hornet for 3 turns
  4222 | D:6      | Slain by a hornet

Illustrated notes

Levels and vault maps discovered:
D:1:      lightli_arrival_statuegarden, layout_basic, minivault_24,
          solitary_fountain, nicolae_the_louvre
D:2:      minmay_angry_zag, layout_loops_corners, basic_altar
D:3:      layout_rooms, nicolae_grassy_gnolls
D:4:      layout_loops_ring, cheibriados_altar_1, serial_shops,
          nicolae_shop_behind_doors
D:5:      layout_basic, makhleb_heckhound_becter,
          gammafunk_temple_overflow_statue, minmay_gold_behind_fungi,
          serial_bayou_pond_c
D:6:      layout_loops_ring, mainiacjoe_overflow_24_doors,
          hangedman_decor_clover_reticule, uniq_menkaure, uniq_blork_the_orc,
          uniq_maggie

Skill      XL: |  1  2  3  4  5  6  7 |
---------------+----------------------+-----
Invocations    | 1 2 3 |  3.5
Short Blades   | 1 2 3 |  3.2
Long Blades    | 1 2 3 |  3.2
Axes           | 1 2 3 |  3.2
Maces & Flails | 1 2 3 |  3.2
Polearms       | 1 2 3 |  3.2
Staves         | 1 2 3 |  3.2
Ranged Weapons | 1 2 3 |  3.2
Throwing       | 1 2 3 |  3.2
Armour         | 1 2 3 |  3.2
Stealth        | 1 2 3 |  3.2
Shields        | 1 2 3 |  3.2
Spellcasting   | 1 2 3 |  3.2
Evocations     | 1 2 3 |  3.2
Conjurations   | 1 2 |  2.6
Hexes          | 1 2 |  2.6
Summonings     | 1 2 |  2.6
Necromancy     | 1 2 |  2.6
Translocations | 1 2 |  2.6
Transmutations | 1 2 |  2.6
Fire Magic     | 1 2 |  2.6
Ice Magic      | 1 2 |  2.6
Air Magic      | 1 2 |  2.6
Earth Magic    | 1 2 |  2.6
Poison Magic   | 1 2 |  2.6
Fighting       | 3 4 |  4.1
Dodging        | 5 |  5.6
Unarmed Combat | 7 |  7.3
Shapeshifting  | 7 |  7.2

Action                     |  1- 3 |  4- 6 |  7- 9 || total
---------------------------+-------+-------+-------++-------
  Melee: Unarmed           |    68 |   162 |    63 ||   293
         Bite              |     4 |    20 |    13 ||    37
         Punch             |     1 |     1 |       ||     2
  Evoke: Wand              |       |       |     4 ||     4
    Use: Scroll            |       |    11 |     7 ||    18
         Potion            |       |       |     1 ||     1
 Armour: Chain mail        |    46 |   101 |    55 ||   202
         Animal skin       |     1 |       |       ||     1
  Dodge: Dodged            |    31 |    62 |    20 ||   113
Riposte: Unarmed           |       |    11 |    13 ||    24
   Form: Beast             |     2 |       |       ||     2
         Flux              |     1 |     1 |       ||     2

Table legend: (Time is in decaauts)
 A = Elapsed time spent in this place.
 B = Non-inter-level travel time spent in this place.
 C = Inter-level travel time spent in this place.
 D = Time resting spent in this place.
 E = Time spent auto-exploring this place.
 F = Levels seen in this place.
 G = Mean time per level.
                   A        B        C        D        E       F      G
               +--------+--------+--------+--------+--------+-----+--------+
         Total |   4182 |   4043 |    139 |    412 |   2933 |   6 |  697.0 |
       Dungeon |   4182 |   4043 |    139 |    412 |   2933 |   6 |  697.0 |
               +--------+--------+--------+--------+--------+-----+--------+

Top non-repeatable levels by time:
     D:2: 1371 daAuts
     D:5: 789 daAuts
     D:1: 703 daAuts
     D:4: 625 daAuts
     D:3: 494 daAuts
     D:6: 198 daAuts
